Match 21501275
Unlisted

Match 21501275
End
Panzergrenadier Squad
Selects Italian Combined Arms Battlegroup
250 Light Carrier
Panzergrenadier Squad
Construct Light Support Kompanie
MG34 Team
Fire Support Elements
Flakvierling Half-track
le.IG 18 Mechanized Group
Combat Half-tracks
Flakvierling Half-track
Selects Semovente da 75/18 Assault Gun
Panzerjäger Squad
Construct Panzerarmee Kommand
Vehicle Survival Package
Selects Strafing Run
Panzer III L Medium Tank
Tungsten Core Ammunition
Emergency Repair Kits
2.5-tonne Medical Truck
Strafing Run
Selects Artillery Cover
Selects Bersaglieri Squad
Selects Vehicle Support - Secure Location
Selects Vehicle Support - Force Recon
Panzer III L Medium Tank
Panzergrenadier Squad
Panzer III L Medium Tank
Strafing Run
Rapid Advance
Panzerpioneer Squad
Panzer III L Medium Tank
Panzerjäger Squad
deluxe_d!ablo
ZuDenWaffen
Unbekannt
[RMN] Brown Caesar
Eber
TiburoN
0
0

Comments sign in to comment!

No comments posted yet!